 Dungeon Crawl Stone Soup version 0.26.0-10-g1f06aea511 (webtiles) character file.

Game seed: 14814159666010202055

7735 dolemite99 the Cleaver (level 11, -1/123 HPs)
             Began as a Hill Orc Chaos Knight on Jan 14, 2021.
             Was a Plaything of Xom.
             Succumbed to a black mamba's poison
             ... on level 1 of the Lair of Beasts.
             The game lasted 00:15:36 (12476 turns).

dolemite99 the Cleaver (Hill Orc Chaos Knight)     Turns: 12476, Time: 00:15:37

Health: -1/123     AC: 25    Str: 19    XL:     11   Next: 19%
Magic:  11/11      EV:  2    Int: 12    God:    Xom [...*..]
Gold:   756        SH:  0    Dex: 12    Spells: 10/10 levels left

rFire    + . .     SeeInvis .   a - +0 broad axe
rCold    + . .     Faith    .   (no shield)
rNeg     + + +     Spirit   .   (armour currently unavailable)
rPois    +         Reflect  .   (helmet currently unavailable)
rElec    +         Harm     .   (cloak currently unavailable)
rCorr    +         Rampage  .   (gloves currently unavailable)
Will     .....     NoTele   +   (boots currently unavailable)
Stlth    ++........             G - amulet of regeneration
HPRegen  1.10/turn              u - ring of resist corrosion
MPRegen  0.12/turn              (no ring)

@: lethally poisoned (-1 -> -6), tree-form, resistant, berserk cooldown,
attractive, slowed, very slow
A: thin skeletal structure 1, frail 1, regeneration 1
a: Renounce Religion


You were on level 1 of the Lair of Beasts.
You worshipped Xom.
You were a favourite toy of Xom.
You were a tree.
You visited 2 branches of the dungeon, and saw 9 of its levels.

You collected 1144 gold pieces.
You spent 388 gold pieces at shops.

Inventory:

Hand Weapons
 a - a +0 broad axe (weapon)
 b - a +5 longbow
 i - a +1 flail of protection
 C - a +2 vorpal morningstar
 J - a +0 hand axe of chaos
 K - a +2 battleaxe of electrocution
Missiles
 l - 25 poisoned darts (quivered)
 m - 385 stones
 r - 10 boomerangs
 t - 9 arrows
Armour
 e - a +0 plate armour (melded)
 f - a +2 leather armour
 h - a +0 chain mail
 n - a +2 helmet (melded)
 o - a +0 buckler
 v - a +1 pair of gloves (melded)
 D - +0 acid dragon scales
 I - a cursed +0 cloak (melded)
Jewellery
 u - a ring of resist corrosion (left branch)
 G - an amulet of regeneration (around neck)
Wands
 s - a wand of iceblast (13)
 y - a wand of flame (35)
 B - a wand of paralysis (10)
 L - a wand of digging (4)
Scrolls
 c - 5 scrolls of amnesia
 d - 4 scrolls of teleportation
 g - 6 scrolls of remove curse {@r2}
 j - 2 scrolls of blinking {unknown}
 p - 2 scrolls of magic mapping
Potions
 k - 2 potions of brilliance
 q - a potion of lignification
 A - a potion of resistance


   Skills:
 - Level 7.4 Fighting
 * Level 14.9 Axes
 - Level 8.9 Bows
 - Level 6.2 Armour
 - Level 0.7 Dodging


You had 10 spell levels left.
You didn't know any spells.
Your spell library contained the following spells:

 Spells                   Type           Power        Failure   Level
 Confusing Touch          Hex            0%           69%         3
 Gell's Gravitas          Tloc           0%           69%         3
 Petrify                  Tmut/Erth      0%           97%         4
 Metabolic Englaciation   Hex/Ice        0%           100%        5
 Yara's Violent Unravell  Hex/Tmut       0%           100%        5


Dungeon Overview and Level Annotations

Branches:
Dungeon (8/15)             Temple (0/1) D:7            Lair (1/6) D:8

Altars:
Vehumet
Yredelemnul
Beogh
Lugonu

Shops:
D:4 *

Portals:
Abyss: Lair:1

Annotations:
D:5 2 transporters


Innate Abilities, Weirdness & Mutations

You have a somewhat thin skeletal structure. (Dex +2, Stealth)
((Your flesh is cold resistant. (rC+)))
You are frail. (-10% HP)
Your natural rate of healing is unusually fast.


Message History

Unknown command.
You feel a strong urge to attack something.
* * * LOW HITPOINT WARNING * * *
You feel sick.
* * * LOW HITPOINT WARNING * * *
You feel sick.
You feel your anger nearly subside.
* * * LOW HITPOINT WARNING * * *
You feel sick.
You are no longer berserk.
You are exhausted.
You feel yourself slow down.
* * * LOW HITPOINT WARNING * * *
You feel sick.
* * * LOW HITPOINT WARNING * * *
You feel very sick.
* * * LOW HITPOINT WARNING * * *
You feel very sick.
You die...
Xom snickers!

##( ##P....#.#
####((#### ###P..#...###
......(P.###...[........
#P.##((................
#....(.#..........>..#
#...#..##........##... .
...#####.....(...(## . .
.. ##...#.....# .
##....♣###.. .# #...(##
#.. #.#### ##..(.# #.. .
#....###.....#### ..
####................
.##.#.#..##(...#..... ##
#.._...#...###....
P.##..§.#.((.## ....
.....#§......# ....


There were no monsters in sight!

Vanquished Creatures
  A goliath frog (Lair:1)
  Pikel (D:8)
  A black mamba (Lair:1)
  Maggie (D:6)
  A troll (D:7)
  2 polar bears (Lair:1)
  Prince Ribbit (D:5)
  3 yaks (D:8)
  A golden eye (Lair:1)
  Menkaure (D:4)
  A water moccasin (D:8)
  6 orc warriors
  2 ice beasts
  2 sky beasts (D:6)
  12 black bears
  A phantom (D:8)
  A lemure (D:8)
  An ogre (D:4)
  2 centaurs
  A big kobold (D:8)
  5 bullfrogs
  2 scorpions
  A water moccasin skeleton (D:5)
  5 wights (D:8)
  A howler monkey (D:8)
  8 hounds
  A bullfrog zombie (D:5)
  A bullfrog skeleton (D:5)
  9 orc wizards
  3 jellies
  4 orc priests
  A centaur skeleton (D:5)
  Jessica (D:3)
  2 iguanas
  5 worker ants
  2 hound skeletons (D:7)
  Robin (D:2)
  A worker ant zombie (D:5)
  4 gnolls (D:4)
  15 adders
  3 white imps
  An ufetubus (D:5)
  3 worms
  2 dart slugs
  3 leopard geckos
  39 orcs
  2 bats
  2 giant cockroaches
  12 goblins
  10 hobgoblins
  18 jackals
  6 quokkas
  3 ball pythons
  2 frilled lizards
  8 kobolds
  A leopard gecko zombie (D:7)
  4 rats
  2 lurking horrors (Lair:1)
235 creatures vanquished.

Vanquished Creatures (collateral kills)
  2 sky beasts (D:8)
  2 orc priests
  An adder (D:7)
  4 orcs (D:8)
9 creatures vanquished.

Vanquished Creatures (others)
  A sky beast (D:8)
  37 fungi
  47 plants
85 creatures vanquished.

Grand Total: 329 creatures vanquished

Notes
Turn   | Place    | Note
-------+----------+-------------------------------------------
     0 | D:1      | dolemite99 the Hill Orc Chaos Knight began the quest for
                  | the Orb.
     0 | D:1      | Reached XP level 1. HP: 19/19 MP: 1/1
   115 | D:1      | XOM: cloud trail
   275 | D:1      | Reached XP level 2. HP: 26/26 MP: 2/2
   317 | D:1      | XOM: divination: detect creatures
   869 | D:2      | Reached skill level 5 in Axes
  1006 | D:2      | XOM is BORED!
  1006 | D:2      | XOM: noise
  1033 | D:2      | Reached XP level 3. HP: 25/31 MP: 3/3
  1081 | D:2      | XOM: 3-stop teleportation journey
  1238 | D:2      | XOM: silly message
  1296 | D:2      | Reached skill level 6 in Axes
  1537 | D:2      | Reached XP level 4. HP: 39/39 MP: 4/4
  1566 | D:2      | Noticed Robin
  1578 | D:2      | Killed Robin
  1609 | D:2      | XOM: god gift: ring mail {god gift}
  1852 | D:3      | Noticed Jessica
  1860 | D:3      | Killed Jessica
  1861 | D:3      | Reached skill level 7 in Axes
  1899 | D:3      | Reached XP level 5. HP: 30/45 MP: 5/5
  2003 | D:3      | XOM: cloud trail
  3294 | D:3      | XOM: silly message
  3475 | D:4      | Reached skill level 8 in Axes
  3496 | D:4      | XOM: silly message
  3545 | D:4      | XOM: silly message
  3571 | D:4      | Noticed an ogre
  3579 | D:4      | Killed an ogre
  3580 | D:4      | Reached skill level 9 in Axes
  3580 | D:4      | Reached XP level 6. HP: 36/51 MP: 6/6
  3675 | D:4      | Found a basalt altar of Yredelemnul.
  3675 | D:4      | XOM: 3-stop teleportation journey
  4023 | D:4      | XOM: noise
  4086 | D:4      | XOM: snakes to sticks
  4096 | D:4      | XOM: confuse monster(s)
  4105 | D:4      | Reached skill level 10 in Axes
  4105 | D:4      | Reached XP level 7. HP: 54/57 MP: 7/7
  4144 | D:4      | XOM: give mutations
  4144 | D:4      | Gained mutation: You are weak. (Str -2) [Xom's mischief]
  4144 | D:4      | Lost mutation: You are weak. (Str -2) [Xom's mischief]
  4157 | D:4      | Found Buaqif's General Store.
  4162 | D:4      | Bought a potion of curing for 39 gold pieces
  4162 | D:4      | Bought a scroll of teleportation for 39 gold pieces
  4187 | D:4      | Noticed Menkaure
  4193 | D:4      | XOM: confusion
  4205 | D:4      | Killed Menkaure
  4364 | D:4      | XOM: god gift: 776 gold pieces
  4385 | D:4      | Bought a +0 longbow for 58 gold pieces
  4385 | D:4      | Bought a scroll of enchant weapon for 97 gold pieces
  4385 | D:4      | Bought a scroll of enchant weapon for 97 gold pieces
  4385 | D:4      | Bought a +0 pair of gloves for 58 gold pieces
  4455 | D:4      | XOM: give mutations
  4455 | D:4      | Gained mutation: You have a somewhat thin skeletal
                  | structure. (Dex +2, Stealth) [Xom's grace]
  4455 | D:4      | Gained mutation: You are surrounded by a mild repulsion
                  | field. (EV +2) [Xom's grace]
  4455 | D:4      | Gained mutation: You are agile. (Dex +2) [Xom's grace]
  4455 | D:4      | Gained mutation: Your spells are a little harder to cast,
                  | but a little more powerful. [Xom's grace]
  4470 | D:4      | Reached skill level 11 in Axes
  4684 | D:4      | Reached skill level 1 in Bows
  4723 | D:4      | XOM: scenery: 1 doors close
  4955 | D:4      | XOM: silly message
  4999 | D:4      | Found a radiant altar of Vehumet.
  5173 | D:5      | XOM: noise
  5173 | D:5      | Entered Level 5 of the Dungeon
  5389 | D:4      | XOM: noise
  5454 | D:5      | XOM: chaos cloud
  5599 | D:5      | Reached XP level 8. HP: 54/64 MP: 8/8
  5688 | D:5      | XOM: fog
  5769 | D:5      | XOM: summons 1 hostile shadow creature
  6004 | D:5      | XOM: 1-stop teleportation journey
  6005 | D:5      | Noticed Prince Ribbit
  6289 | D:5      | Found a transporter.
  6394 | D:5      | XOM: summons 5 hostile demons
  6879 | D:5      | Found a transporter.
  6923 | D:5      | Killed Prince Ribbit
  6924 | D:5      | Reached skill level 5 in Fighting
  7339 | D:6      | XOM: confusion (+ monsters)
  7375 | D:6      | XOM: scenery: 1 doors open
  7403 | D:6      | Noticed Maggie
  7413 | D:6      | XOM: confuse monster(s)
  7451 | D:6      | Killed Maggie
  7452 | D:6      | Reached skill level 5 in Armour
  7452 | D:6      | Reached XP level 9. HP: 52/78 MP: 9/9
  7604 | D:6      | XOM: stat loss: -1 Int (11/12)
  8514 | D:6      | XOM: give mutations
  8514 | D:6      | Gained mutation: Your body sometimes deteriorates upon
                  | taking damage. [Xom's mischief]
  8514 | D:6      | Gained mutation: You are partially covered in large bone
                  | plates. (SH +4) [Xom's mischief]
  8514 | D:6      | Lost mutation: Your spells are a little harder to cast, but
                  | a little more powerful. [Xom's mischief]
  8514 | D:6      | Gained mutation: You do not regenerate when monsters are
                  | visible. [Xom's mischief]
  9041 | D:7      | Found a staircase to the Ecumenical Temple.
  9078 | D:7      | Reached skill level 5 in Bows
  9094 | D:7      | XOM: 4-stop teleportation journey
  9095 | D:7      | Noticed a troll
  9095 | D:7      | XOM: summons friendly white imp
  9098 | D:7      | Killed a troll
  9139 | D:7      | XOM: polymorph white imp -> crimson imp
  9615 | D:8      | XOM: enchant monster (bad)
  9646 | D:8      | XOM: 1-stop teleportation journey
  9701 | D:8      | XOM: potion effect (curing)
  9720 | D:8      | XOM: potion effect (curing)
  9722 | D:8      | XOM: silly message
  9738 | D:8      | XOM: enchant monster (bad)
  9784 | D:8      | Reached XP level 10. HP: 77/86 MP: 10/10
  9860 | D:8      | XOM: chaos cloud
  9895 | D:8      | Found a staircase to the Lair.
 10181 | D:8      | Found a roughly hewn altar of Beogh.
 10368 | D:8      | Noticed Pikel
 10385 | D:8      | Killed Pikel
 10386 | D:8      | Reached skill level 12 in Axes
 10406 | D:8      | XOM: enchant monster (bad)
 10752 | D:8      | XOM: summons 4 hostile shadow creatures
 10849 | D:8      | Reached skill level 13 in Axes
 11051 | Lair:1   | Entered Level 1 of the Lair of Beasts
 11099 | Lair:1   | Noticed a five-headed hydra
 11106 | Lair:1   | XOM: enchant monster (bad)
 11107 | Lair:1   | Noticed a goliath frog
 11107 | Lair:1   | a five-headed hydra changed into a goliath frog
 11107 | Lair:1   | XOM: polymorph five-headed hydra -> goliath frog
 11109 | Lair:1   | Killed a goliath frog
 11729 | Lair:1   | Found a one-way gate to the infinite horrors of the Abyss.
 11730 | Lair:1   | Found a corrupted altar of Lugonu.
 11731 | Lair:1   | XOM: butterfly on damage
 12155 | Lair:1   | Reached XP level 11. HP: 92/92 MP: 11/11
 12156 | Lair:1   | Reached skill level 14 in Axes
 12208 | Lair:1   | XOM: noise
 12275 | Lair:1   | XOM: give mutations
 12275 | Lair:1   | Gained mutation: You are frail. (-10% HP) [Xom's mischief]
 12275 | Lair:1   | Lost mutation: You are agile. (Dex +2) [Xom's mischief]
 12275 | Lair:1   | Lost mutation: You are frail. (-10% HP) [Xom's mischief]
 12332 | Lair:1   | XOM: polymorph komodo dragon -> golden eye
 12350 | Lair:1   | XOM: confuse monster(s)
 12466 | Lair:1   | Lost mutation: You are surrounded by a mild repulsion
                  | field. (EV +2) [potion of mutation]
 12466 | Lair:1   | Lost mutation: Your body sometimes deteriorates upon taking
                  | damage. [potion of mutation]
 12466 | Lair:1   | Lost mutation: You are partially covered in large bone
                  | plates. (SH +4) [potion of mutation]
 12466 | Lair:1   | Lost mutation: You do not regenerate when monsters are
                  | visible. [potion of mutation]
 12466 | Lair:1   | Gained mutation: Your natural rate of healing is unusually
                  | fast. [potion of mutation]
 12466 | Lair:1   | Gained mutation: You are frail. (-10% HP) [potion of
                  | mutation]
 12466 | Lair:1   | Gained mutation: Your flesh is cold resistant. (rC+)
                  | [potion of mutation]
 12472 | Lair:1   | HP: 9/184 [poisoned by a black mamba]
 12474 | Lair:1   | HP: 3/123 [poisoned by a black mamba]
 12475 | Lair:1   | HP: 1/123 [poisoned by a black mamba]
 12476 | Lair:1   | Succumbed to a black mamba's poison

Illustrated notes

Levels and vault maps discovered:
D:1:      dpeg_arrival_arbitrary_c, layout_loops_cross, serial_bayou_pond_e,
          due_unseen_surprise
D:2:      layout_loops_cross, grunt_ministairs_15, minmay_tetromino_s4,
          uniq_robin
D:3:      layout_loops_ring, hangedman_decor_riveting,
          chequers_serial_rivers_small_3, uniq_jessica
D:4:      layout_loops_corners, nicolae_overflow_hidden_temple, serial_shops,
          nicolae_shop_statue_plus, lemuel_altar_in_water, uniq_menkaure
D:5:      layout_basic, gammafunk_ghost_stat_death, uniq_prince_ribbit1
D:6:      layout_gridville, minmay_holes, minmay_misc_feat_tiny, uniq_maggie
D:7:      layout_rooms, temple_pool_b, chequers_serial_rivers_micro_c
D:8:      layout_loops_ring, due_lair_maze_entry_diamond, special_room
          [special_room_orc], uniq_pikel
Lair:1:   beast_lair_carwin_large_1, layout_layer_cave,
          amcnicky_altar_lugonu_corruption, minmay_lair_oklob_chamber

Skill      XL: |  1  2  3  4  5  6  7  8  9 10 11 |
---------------+----------------------------------+-----
Axes           | 5 6 7 9 10 11 13 14 | 14.9
Bows           | 3 4 7 8 |  8.9
Fighting       | 6 7 |  7.4
Armour         | 5 6 |  6.2
Dodging        | |  0.7

Action                   |  1- 3 |  4- 6 |  7- 9 | 10-12 || total
-------------------------+-------+-------+-------+-------++-------
Melee: Hand axe          |    60 |   196 |   262 |    25 ||   543
       Longbow           |       |       |     1 |       ||     1
       Broad axe         |       |       |       |   114 ||   114
 Fire: Longbow           |       |       |   161 |   104 ||   265
Throw: Dart              |    10 |    43 |    13 |     7 ||    73
  Use: Potion            |       |     3 |     6 |     9 ||    18
       Scroll            |       |     1 |    15 |     4 ||    20
 Stab: Distracted        |       |     1 |       |       ||     1
       Paralysed         |       |       |     9 |     4 ||    13
       Invisible         |       |       |     1 |       ||     1
       Confused          |       |       |     1 |       ||     1
       Petrifying        |       |       |     1 |       ||     1
Armor: Leather armour    |     1 |       |       |       ||     1
       Chain mail        |    23 |   112 |   127 |       ||   262
       Skin              |       |       |    45 |    40 ||    85
       Plate armour      |       |       |    49 |   132 ||   181
Dodge: Dodged            |    24 |    36 |   120 |    99 ||   279
Block: Buckler           |       |    16 |       |       ||    16
       Other             |       |       |    10 |    37 ||    47
